 Dungeon Crawl Stone Soup version 0.22.0-13-g43fe8f2 (webtiles) character file.

50 sw3dish the Cudgeler (level 3, -9/34 HPs)
             Began as a Gargoyle Gladiator on Aug 17, 2018.
             Killed by divine providence
             ... invoked by an orc priest
              (13 damage)
             ... on level 3 of the Dungeon.
             The game lasted 00:04:57 (1251 turns).

sw3dish the Cudgeler (Gargoyle Gladiator)           Turns: 1251, Time: 00:04:57

Health: -9/34      AC: 10    Str: 22    XL:     3   Next: 79%
Magic:  3/3        EV: 11    Int:  8    God:
Gold:   58         SH:  0    Dex: 12    Spells: 2/2 levels left

rFire    . . .     SeeInvis .   a - +0 flail
rCold    . . .     Gourm    .   (no shield)
rNeg     + . .     Faith    .   i - +0 scale mail
rPois    ∞         Spirit   .   c - +0 helmet
rElec    +         Reflect  .   (no cloak)
rCorr    .         Harm     .   (no gloves)
MR       .....                  (no boots)
Stlth    ..........             (no amulet)
HPRegen  0.11/turn              (no ring)
MPRegen  0.08/turn              (no ring)

@: berserking (expiring), very quick
A: negative energy resistance 1, electricity resistance, unbreathing,
petrification resistance, rot immunity, AC +3
a: no special abilities


You were on level 3 of the Dungeon.
You were not hungry.

You visited 1 branch of the dungeon, and saw 3 of its levels.

You collected 58 gold pieces.

Inventory:

Hand Weapons
 a - a +0 flail (weapon)
Missiles
 d - 3 throwing nets (quivered)
Armour
 c - a +0 helmet (worn)
 i - a +0 scale mail (worn)
Scrolls
 e - 2 scrolls of remove curse {unknown}
 k - a scroll of identify {unknown}
 l - a scroll of enchant armour {unknown}
 m - a scroll of amnesia {unknown}
 n - a scroll of fear {unknown}
Potions
 g - a potion of agility {unknown}
 h - a potion of curing {unknown}
 j - a potion of heal wounds {unknown}
Comestibles
 f - 2 rations


   Skills:
 * Level 3.1 Fighting
 * Level 3.6 Maces & Flails
 - Level 1.7 Throwing
 + Level 1.1 Armour
 + Level 2.7 Dodging


You had 2 spell levels left.
You didn't know any spells.
Your spell library was empty.

Dungeon Overview and Level Annotations

Branches:
Dungeon (3/15)

Altars:


Innate Abilities, Weirdness & Mutations

You are resistant to torment.
Your stone body is resilient. (AC +3)
You are immune to poison.
You resist negative energy. (rN+)
You are resistant to electric shocks. (rElec)
You can survive without breathing.
You are immune to petrification.
You are immune to rotting.


Message History

A quokka comes into view.
The orc zaps a wand.
You suddenly lose the ability to move!
It is a wand of paralysis (12).
The orc priest calls down the wrath of Beogh upon you.
Beogh smites you!
Ouch! That really hurt!
* * * LOW HITPOINT WARNING * * *
A bat comes into view.
You can move again.
It was a potion of berserk rage.
A red film seems to cover your vision as you go berserk!
You feel yourself moving faster!
You feel mighty!
You feel a strong urge to attack something.
The bat hits you but does no damage.
You see here 21 stones.
You feel your anger nearly subside. The bat misses you.
The orc priest mumbles some strange prayers to Beogh against you.
Beogh smites you!
You die...

#...# ....... #...#
........# ##.##
........# . #.#
#........# .. #.#
#+#.#########.#
#.......o...#.#########
........o(............##
....)..oob@<............
.......r#####.#######..#
......... ...# ...?....#
###+# .........
......... .........


You could see an orc priest, 3 orcs, a quokka and a bat.

Vanquished Creatures
  An ooze (D:1)
  A worm (D:3)
  A dart slug (D:1)
  A leopard gecko (D:3)
  6 bats
  3 giant cockroaches (D:1)
  3 goblins
  4 hobgoblins
  6 jackals (D:1)
  3 kobolds
  A quokka (D:2)
  4 frilled lizards
  A rat (D:1)
35 creatures vanquished.

Notes
Turn   | Place    | Note
-------+----------+-------------------------------------------
     0 | D:1      | sw3dish the Gargoyle Gladiator began the quest for the Orb.
     0 | D:1      | Reached XP level 1. HP: 12/12 MP: 1/1
    93 | D:1      | Reached XP level 2. HP: 12/18 MP: 2/2
   524 | D:1      | Reached XP level 3. HP: 22/22 MP: 3/3
   552 | D:1      | Reached skill level 1 in Armour
   831 | D:2      | Noticed a hippogriff
  1211 | D:3      | Noticed a sky beast
  1244 | D:3      | Paralysed by an orc for 4 turns
  1251 | D:3      | Killed from afar by an orc priest

Skill      XL: |  1  2  3 |
---------------+----------+-----
Armour         | 1 |  1.1
Fighting       | 3 |  3.1
Maces & Flails | |  3.6
Throwing       | |  1.7
Dodging        | |  2.7

Action                   || total
-------------------------++-------
Melee: Flail             ||   139
  Use: Potion            ||     1
  Eat: Chunk             ||     1
Armor: Leather armour    ||    65
       Scale mail        ||    42
Dodge: Dodged            ||   131
